 Dungeon Crawl Stone Soup version 0.26.1-11-gd32895ea62 (webtiles) character file.

Game seed: 13913427787430390551

67 Gwenloh the Grave Robber (level 4, -1/30 HPs)
             Began as a Demonspawn Necromancer on May 13, 2021.
             Slain by a bullfrog (6 damage)
             ... on level 2 of the Dungeon.
             The game lasted 00:07:08 (2657 turns).

Gwenloh the Grave Robber (Demonspawn Necromancer)   Turns: 2657, Time: 00:07:09

Health: -1/30      AC:  3    Str:  8    XL:     4   Next: 0%
Magic:  0/8        EV: 12    Int: 21    God:
Gold:   81         SH:  5    Dex: 13    Spells: 4/8 levels left

rFire    . . .     SeeInvis .   b - +0 club
rCold    . . .     Faith    .   (no shield)
rNeg     . . .     Spirit   +   a - +0 robe
rPois    .         Reflect  +   k - +0 helmet {Int+3}
rElec    .         Harm     .   (no cloak)
rCorr    .         Rampage  .   (no gloves)
Will     .....                  (no boots)
Stlth    ++........             e - amulet of reflection
HPRegen  0.10/turn              (no ring)
MPRegen  0.11/turn              (no ring)

@: no status effects
A: magic shield
a: no special abilities


You were on level 2 of the Dungeon.
You visited 1 branch of the dungeon, and saw 2 of its levels.

You collected 81 gold pieces.

Inventory:

Hand Weapons
 b - a +0 club (weapon)
Missiles
 g - 28 poisoned darts (quivered)
Armour
 a - a +0 robe (worn)
 k - a +0 helmet of intelligence (worn)
Jewellery
 e - an amulet of reflection (around neck)
Scrolls
 c - 2 scrolls of remove curse {unknown}
 f - 2 scrolls of teleportation {unknown}
 j - 4 scrolls of identify {unknown}
 p - a scroll of enchant armour {unknown}
 r - 2 scrolls of noise {unknown}
Potions
 d - 2 potions of heal wounds {unknown}
 h - 3 potions of curing {unknown}
 i - a potion of haste {unknown}
 l - a potion of brilliance {unknown}
 m - a potion of ambrosia {unknown}
 n - 2 potions of degeneration {unknown}
 o - a potion of cancellation {unknown}
 q - a potion of magic {unknown}


   Skills:
 - Level 1.7 Dodging
 - Level 1.7 Stealth
 + Level 2.7 Spellcasting
 * Level 5.6 Necromancy


You had 4 spell levels left.
You knew the following spells:

 Your Spells              Type           Power        Failure   Level
a - Pain                  Necr           100%         1%          1
b - Vampiric Draining     Necr           13%          4%          3

Your spell library contained the following spells:

 Spells                   Type           Power        Failure   Level
 Animate Skeleton         Necr           52%          1%          1
 Animate Dead             Necr           13%          13%         4
 Agony                    Necr           26%          36%         5


Dungeon Overview and Level Annotations

Branches:
Dungeon (2/15)

Altars:
Qazlal


Innate Abilities, Weirdness & Mutations

When hurt, damage is shared between your health and your magic reserves.


Message History

You don't have enough magic to cast that spell.
Throw: 28 darts (poison)
Press: ? - help, Q - select action, (/) - cycle Shift-Dir - straight line, f/p - bullfrog
Aim: a bullfrog (moderately wounded, 47% to hit)
Okay, then.
You aren't carrying any items that you can evoke.
The bullfrog hits you! The bullfrog barely misses you. The bullfrog hits you.
The bullfrog hits you!
* * * LOW HITPOINT WARNING * * *
Casting: Pain (safe; 1% risk of failure)
Confirm with . or Enter, or press ? or * to list all spells.
You don't have enough magic to cast that spell.
Throw: 28 darts (poison)
Press: ? - help, Q - select action, (/) - cycle Shift-Dir - straight line, f/p - bullfrog
Aim: a bullfrog (moderately wounded, 47% to hit)
Okay, then.
The bullfrog hits you.
You die...

..##.#.##.###########
.###.#.##...........# .#
#.#.############.#
.###....# #.# .#......# #.#
##.##...####### #.######
##.###........### #......#
##.###.####.....###.####.##
##.....## #....F@......#..#
##......###..#########..#.#
##..###.##..##oSg....##.#.#
##..###.....#8.##.##.8#.#.#
.......###..#$?##.##..#.#.#
##..##.###..#.[.......#...#
##..##.##..©#_$$...©..#©..#
....##.##...#.!.......#..##
###.........#$?##.##..#.##


You could see a bullfrog, an adder, an orc and a hobgoblin.

Vanquished Creatures
  An adder (D:2)
  2 worms (D:2)
  A leopard gecko (D:1)
  2 ball pythons
  6 bats
  5 giant cockroaches (D:2)
  6 goblins
  4 hobgoblins
  4 jackals (D:1)
  2 frilled lizards
  9 kobolds
  5 rats
47 creatures vanquished.

Notes
Turn   | Place    | Note
-------+----------+-------------------------------------------
     0 | D:1      | Gwenloh the Demonspawn Necromancer began the quest for the
                  | Orb.
     0 | D:1      | Reached XP level 1. HP: 13/13 MP: 3/3
   281 | D:1      | Gained mutation: When hurt, damage is shared between your
                  | health and your magic reserves. [demonic ancestry]
   281 | D:1      | Reached XP level 2. HP: 17/19 MP: 3/5
   611 | D:1      | Reached skill level 5 in Necromancy
  1315 | D:2      | Reached XP level 3. HP: 23/24 MP: 4/6
  2148 | D:2      | Learned a level 3 spell: Vampiric Draining
  2233 | D:2      | Found a stormy altar of Qazlal.
  2235 | D:2      | Noticed a bullfrog
  2238 | D:2      | Found a transporter.
  2248 | D:2      | Found a transporter.
  2645 | D:2      | Reached XP level 4. HP: 25/30 MP: 3/8
  2657 | D:2      | Slain by a bullfrog

Illustrated notes

Levels and vault maps discovered:
D:1:      minmay_arrival_jagged, layout_basic
D:2:      minmay_chambers_of_ones, layout_loops_ring,
          gammafunk_temple_overflow_arena

Skill      XL: |  1  2 |
---------------+-------+-----
Necromancy     | 5 |  5.6
Dodging        | |  1.7
Stealth        | |  1.7
Spellcasting   | |  2.7

Action                   |  1- 3 |  4- 6 || total
-------------------------+-------+-------++-------
Melee: Club              |     1 |       ||     1
Throw: Dart              |    11 |       ||    11
 Cast: Pain              |    73 |     2 ||    75
       Vampiric Draining |     2 |       ||     2
Armor: Robe              |     6 |     1 ||     7
Dodge: Dodged            |    11 |     3 ||    14
Block: Other             |     5 |     1 ||     6
       Reflection        |     1 |       ||     1
